Cogmind - Beta 15 @@@ ROGUE MODE // 2025.05.27 @ 18:57:19 Player: tengan Result: Destroyed by D-53 Grenadier with Mini Grenade Launcher Performance ------------- Evolutions (0) 0 Regions Visited (3) 600 Robots Destroyed (12) 60 Value Destroyed (237) 237 Prototype IDs (0) 0 Alien Tech Used (0) 0 Bonus (0) 0 TOTAL SCORE: 897 Bonus ------- None Cogmind --------- Core Integrity 0/250 Matter 143/300 Energy 99/100 System Corruption 0% Temperature Cool (0) Movement Core (100) Ox1 Location -8/Recycling Parts ------- > --- POWER (1) -------- (None) > --- PROPULSION (2) --- (None) > --- UTILITY (2) ------ Small Storage Unit > --- WEAPON (2) ------- (None) > --- INVENTORY (8) ---- Light Ion Engine Aluminum Leg Wheel Compact Wheel Targeting Computer EM Pulse Gun Small Laser Light Assault Rifle Peak State ------------ > --- POWER ------------ Ion Engine > --- PROPULSION ------- Aluminum Leg Titanium Leg > --- UTILITY ---------- Small Storage Unit Weapon Shielding > --- WEAPON ----------- Grenade Launcher > --- INVENTORY -------- Light Ion Engine Aluminum Leg Wheel Compact Wheel Targeting Computer EM Pulse Gun Small Laser Light Assault Rifle [Rating: 8] Favorites ----------- Power Ion Engine Engine Ion Engine Propulsion Aluminum Leg Leg Aluminum Leg Utility Small Storage Unit Storage Small Storage Unit Protection Weapon Shielding Weapon Assault Rifle Energy Gun EM Pulse Gun Ballistic Gun Assault Rifle Launcher Grenade Launcher Build | -11 -10 -10 -8 ------- Run | Yrd Mat Sub Rec Slots Evolved . | . . . . Power . | . . . . Propulsion . | . . . . Utility . | . . . . Weapon . | . . . . Parts Attached 11 | 7 2 1 1 Power 1 | 1 . . . Engine 1 | 1 . . . Core . | . . . . Reactor . | . . . . Propulsion 4 | 2 1 . 1 Treads . | . . . . Leg 4 | 2 1 . 1 Wheel . | . . . . Hover . | . . . . Flight . | . . . . Utility 2 | 1 1 . . Device . | . . . . Storage 1 | 1 . . . Processor . | . . . . Hackware . | . . . . Protection 1 | . 1 . . Artifact . | . . . . Weapon 4 | 3 . 1 . Energy Gun 1 | 1 . . . Energy Cannon . | . . . . Ballistic Gun 2 | 2 . . . Ballistic Cannon . | . . . . Launcher 1 | . . 1 . Special Weapon . | . . . . Impact Weapon . | . . . . Slashing Weapon . | . . . . Piercing Weapon . | . . . . Special Melee Weapon . | . . . . Unidentified Prototypes . | . . . . Parts Lost 6 | . . 1 5 Power 1 | . . . 1 Propulsion 2 | . . . 2 Utility 1 | . . . 1 Weapon 2 | . . 1 1 Highest Loss Streak 6 | . . 1 6 To Critical Strikes . | . . . . Average Backups 6 | 2 6 8 8 Power . | . 1 1 1 Propulsion 2 | 1 2 3 3 Utility . | . . 1 1 Weapon 2 | . 2 3 3 Tool/Special . | . . . . Unused Backups 5 | . . . 5 Power 1 | . . . 1 Propulsion 2 | . . . 2 Utility 1 | . . . 1 Weapon 1 | . . . 1 Tool/Special . | . . . . Average Slot Usage (%) 96 | . 99 99 63 Engine 13 | . 14 14 10 Leg 27 | . 28 28 17 Storage 14 | . 14 14 14 Protection 13 | . 13 14 10 Energy Gun 11 | . 14 9 . Ballistic Gun 12 | . 14 13 . Launcher 1 | . . 4 10 Peak Build Rating 8 | 6 7 7 8 Average Rating 6 | 4 6 6 5 On Entrance 4 | . 6 7 6 Naked Turns . | . . . . Heaviest Build 16 | 14 15 16 14 Greatest Support 27 | 20 20 20 27 Greatest Overweight (x) 4 | 1 . . 4 Average Overweight (x) . | . . . . Largest Inventory Capacity 8 | 8 8 8 8 Average Capacity 7 | 7 8 8 8 Most Carried 8 | 4 8 8 8 Average Carried 6 | 2 6 8 8 Final Capacity 8 | 8 8 8 8 Final Carried 8 | 4 8 8 8 Class Distribution -------------------- 100% | Mutant Dominant Class ---------------- Mutant | -10/Materials Mutant | -10/Subcaves Mutant | -8/Recycling Resources | -11 -10 -10 -8 ----------- Run | Yrd Mat Sub Rec Matter Collected 335 | 228 101 6 . Remotely . | . . . . Salvage Created 242 | . 181 23 38 Parts 19 | . 12 7 . Haulers Intercepted . | . . . . Recyclers Shooed . | . . . . Parts Field Recycled . | . . . . Retrieved Matter . | . . . . Parts Self-Destructed 11 | . . 11 . Prevented 1 | . . 1 . Kills | -11 -10 -10 -8 ------- Run | Yrd Mat Sub Rec Combat Hostiles Destroyed 12 | . 6 4 2 Guns 7 | . 6 1 . AOE 5 | . . 3 2 Classes Destroyed 3 | . 2 . 1 Swarmer 8 | . 3 4 1 Grunt 3 | . 3 . . Hunter 1 | . . . 1 Best Kill Streak 4 | . 3 4 2 Combat Bots Only 4 | . 3 4 2 Max Kills in Single Turn 3 | . 1 3 1 Gunslinging . | . . . . Exploded 2 | . . 2 1 Melee . | . . . . Uniques/NPCs Destroyed . | . . . . Combat | -11 -10 -10 -8 -------- Run | Yrd Mat Sub Rec Hostile Shots Fired 134 | . 25 100 9 Missed 56 | . 9 47 . Hits 78 | . 16 53 9 Projectile 78 | . 16 53 9 AOE 10 | . . . 10 Critical Strikes 1 | . 1 . . Actively Blocked 1 | . 1 . . Damage Taken 914 | . 164 367 383 Core 255 | . 30 76 149 Absorbed by Shields . | . . . . Redirected to Shielding 56 | . 12 31 13 Core Remaining (%) 100 | 100 . . . Volleys Fired 29 | . 13 11 5 Largest 2 | . 2 2 1 Hottest 60 | . 60 60 30 Shots Fired 53 | . 26 22 5 Gun 39 | . 26 13 . Cannon . | . . . . Launcher 14 | . . 9 5 Special . | . . . . Kinetic 24 | . 13 11 . Thermal . | . . . . Explosive 14 | . . 9 5 Electromagnetic 15 | . 13 2 . Robot Hit Streak 6 | . 5 6 6 Robot Miss Streak 2 | . 2 1 1 Penetration Max . | . . . . Secondary Targets 1 | . 1 . . Max Gunslinging Chain 1 | . 1 . . Shots Hit Robots 28 | . 16 8 4 Core Hits 29 | . 9 10 10 Critical Kills . | . . . . Critical Parts Destroyed . | . . . . Critical Strikes 2 | . 2 . . Corrupt 2 | . 2 . . Melee Attacks . | . . . . Impact . | . . . . Slashing . | . . . . Piercing . | . . . . Sneak Attacks . | . . . . Combat Hostiles . | . . . . Follow-up Attacks . | . . . . Damage Inflicted 815 | . 213 367 235 Guns 305 | . 213 92 . Cannons . | . . . . Explosions 510 | . . 275 235 Melee . | . . . . Ramming . | . . . . Kinetic 142 | . 77 65 . Thermal . | . . . . Explosive 510 | . . 275 235 Electromagnetic 163 | . 136 27 . Impact . | . . . . Slashing . | . . . . Piercing . | . . . . Highest Corruption . | . . . . Average Corruption . | . . . . Corruption Purged . | . . . . Corruption Blocked . | . . . . Overload Shots . | . . . . Overflow Damage 48 | . . 20 28 Projectiles . | . . . . Explosions 48 | . . 20 28 Melee . | . . . . Knockbacks . | . . . . Impact . | . . . . Kinetic . | . . . . Secondary . | . . . . Self-Inflicted Damage 12 | . . 12 . Shots 2 | . . 2 . Rammed . | . . . . Targets Rammed . | . . . . Kicked . | . . . . Crushed . | . . . . Highest Temperature 42 | . 42 . . Average Temperature 23 | . 23 . . Received Heat Transfer 258 | . 60 198 . Siege Activations . | . . . . Martial Activations . | . . . . Shielding Activations . | . . . . Robots Disrupted . | . . . . Combat Hostiles . | . . . . Robots Corrupted . | . . . . Combat Hostiles . | . . . . Parts Fried . | . . . . Impact Corruptions . | . . . . Robots Melted . | . . . . Combat Hostiles . | . . . . Parts Melted . | . . . . Heat Transferred . | . . . . Parts Sabotaged . | . . . . Parts Stolen . | . . . . Parts Stripped . | . . . . Power Chain Reactions . | . . . . Alert | -11 -10 -10 -8 ------- Run | Yrd Mat Sub Rec Maximum Alert Level . | . . . . Low Security (%) 100 | 100 100 . 100 Level 1 . | . . . . Level 2 . | . . . . Level 3 . | . . . . Level 4 . | . . . . Level 5 . | . . . . High Security . | . . . . Max Security . | . . . . Peak Influence 107 | . 105 . 107 Initial 63 | . . . 63 Average 18 | . 17 . 77 Influence Increases 407 | . 190 155 62 Destroy 0b10 Robot/C 240 | . 120 80 40 Destroy 0b10 Robot/NC 5 | . . . 5 Destroy Leader 20 | . 20 . . Successful Hack 5 | . 5 . . Destroy Structure 17 | . . . 17 Lose Combat Pursuer 120 | . 45 75 . Influence Decreases 342 | . 95 117 130 Entered New Map 117 | . . 47 70 Time Decay 165 | . 95 60 10 Lost Part 60 | . . 10 50 Squads Dispatched 2 | . 2 . . Investigation 1 | . 1 . . Extermination . | . . . . Reinforcement 1 | . 1 . . Assault . | . . . . Garrison . | . . . . Intercept . | . . . . Searches Triggered . | . . . . Construction Impeded . | . . . . Haulers Reinforced . | . . . . Active Scanning Responses . | . . . . Cargo Convoy Interrupts . | . . . . Stealth | -11 -10 -10 -8 --------- Run | Yrd Mat Sub Rec Distress Signals . | . . . . Communications Jammed . | . . . . Distress Signals . | . . . . Times Spotted 20 | . 7 11 2 Peak Tracking Total 6 | . 3 6 1 Tactical Retreats 3 | . 1 2 . Traps | -11 -10 -10 -8 ------- Run | Yrd Mat Sub Rec Traps Triggered . | . . . . Indirectly . | . . . . Trap Hack Attempts . | . . . . Triggered . | . . . . Disarmed . | . . . . Reprogrammed . | . . . . Reused . | . . . . Traps Extracted . | . . . . Installed . | . . . . Triggered . | . . . . Machines | -11 -10 -10 -8 ---------- Run | Yrd Mat Sub Rec Machines Disabled 2 | . . 2 . Max in Single Turn 1 | . . 1 . Machines Repaired . | . . . . Machines Dismantled . | . . . . Machines Sabotaged . | . . . . Overloaded Fab Kills . | . . . . Hacking | -11 -10 -10 -8 --------- Run | Yrd Mat Sub Rec Machines Accessed 3 | . 3 . . Terminals 2 | . 2 . . Fabricators . | . . . . Repair Stations . | . . . . Recycling Units 1 | . 1 . . Scanalyzers . | . . . . Garrison Access . | . . . . Total Hacks 6 | . 6 . . Successful 5 | . 5 . . Failed 1 | . 1 . . Catastrophic . | . . . . Database Lockouts . | . . . . Manual . | . . . . Terminals 5 | . 5 . . Fabricators . | . . . . Repair Stations . | . . . . Recycling Units 1 | . 1 . . Scanalyzers . | . . . . Garrison Access . | . . . . Terminal Hacks 4 | . 4 . . Alert Level 2 | . 2 . . Investigation Status 1 | . 1 . . Zone Layout 1 | . 1 . . Fabricator Hacks . | . . . . Repair Station Hacks . | . . . . Recycling Unit Hacks 1 | . 1 . . Retrieve Components 1 | . 1 . . Scanalyzer . | . . . . Garrison Access Hacks . | . . . . Unauthorized Hacks . | . . . . Terminals . | . . . . Fabricators . | . . . . Repair Stations . | . . . . Recycling Units . | . . . . Scanalyzers . | . . . . Garrison Access . | . . . . Data Cores Recovered 1 | . 1 . . Used . | . . . . Hacking Detections 1 | . 1 . . Full Trace Events 1 | . 1 . . Feedback Events . | . . . . Feedback Blocked . | . . . . Robot Schematics Acquired . | . . . . Robots Built . | . . . . Authchips . | . . . . Time . | . . . . Total Robot Build Rating . | . . . . Part Schematics Acquired . | . . . . Parts Built . | . . . . Authchips . | . . . . Time . | . . . . Total Part Build Rating . | . . . . Parts Repaired . | . . . . Time . | . . . . Parts Recycled . | . . . . Recycled Matter . | . . . . Retrieved Matter . | . . . . Retrieved Components 3 | . 3 . . Parts Scanalyzed . | . . . . Part Schematics Acquired . | . . . . Parts Damaged . | . . . . Bothacking | -11 -10 -10 -8 ------------ Run | Yrd Mat Sub Rec Used RIF Installer . | . . . . Robots Hacked . | . . . . Non-combat . | . . . . Combat . | . . . . Robot Hacks Applied . | . . . . Relay Couplers Released . | . . . . Fabnet Peak Effective % . | . . . . Robots Rewired . | . . . . Allies Hacked . | . . . . Hacks Repelled . | . . . . Allies | -11 -10 -10 -8 -------- Run | Yrd Mat Sub Rec Total Allies . | . . . . Largest Group . | . . . . Highest-Rated Group . | . . . . Highest-Rated Ally . | . . . . Total Orders . | . . . . Ally Attacks . | . . . . Total Damage . | . . . . Kills . | . . . . Allies Corrupted . | . . . . Allies Melted . | . . . . Intel | -11 -10 -10 -8 ------- Run | Yrd Mat Sub Rec Active Infowar (turns) . | . . . . Robot Analysis Total . | . . . . Derelict Logs Recovered 1 | . . 1 . Drone Launches . | . . . . Drone Recoveries . | . . . . Exploration | -11 -10 -10 -8 ------------- Run | Yrd Mat Sub Rec Turns Passed 650 | 89 393 137 31 Spaces Moved 433 | 57 278 83 15 Core 12 | 7 . . 5 Treads . | . . . . Legs 421 | 50 278 83 10 Wheels . | . . . . Hover . | . . . . Flight . | . . . . Fastest Speed 50 | 50 120 120 100 Average Speed 121 | 128 120 120 123 Slowest Speed 250 | 190 120 120 250 Overloaded Moves . | . . . . Propulsion Burnouts . | . . . . Robots Hopped . | . . . . Potential Cave-ins . | . . . . Cave-ins Triggered . | . . . . Exploration Rate (%) 17 | 4 52 8 6 Regions Visited 3 Branch Regions 2 Pre-discovered Areas . | . . . . Known Exits Taken . | . . . . Unknown Exits Taken 3 | 1 1 1 . Scrap Searched . | . . . . Spaces Dug . | . . . . Terrain Destroyed 57 | . . 37 20 Melee . | . . . . Projectile . | . . . . AOE 57 | . . 37 20 Terrain Rammed . | . . . . Walls Destroyed . | . . . . Machines Disabled . | . . . . Actions | -11 -10 -10 -8 --------- Run | Yrd Mat Sub Rec Total 500 | 69 310 98 23 Wait 22 | 3 15 4 . Move 430 | 56 277 82 15 Hop . | . . . . Pick Up 6 | 3 3 . . Fast Attach 7 | 6 1 . . Attach . | . . . . Detach . | . . . . Swap 4 | 1 1 1 1 Drop 1 | . . . 1 Fire 29 | . 13 11 5 Melee . | . . . . Ram . | . . . . Kick . | . . . . Crush . | . . . . Escape Stasis . | . . . . Rewire 1 | . . . 1 Trap . | . . . . Miscellaneous . | . . . . Route ------- -11/Scrapyard -10/Materials (discovered 2 exits: [*Min] / [*Sub]) -10/Subcaves -8/Recycling History --------- Turn | Location | Event 6 | -11/Scrapyard | Discovered new exit (range 15) 90 | -11/Scrapyard | Entered Materials 91 | -10/Materials | Met a group of wandering Federalists 318 | -10/Materials | Build established: Mutant 401 | -10/Materials | Discovered new exit (range 13) 480 | -10/Materials | Discovered new exit (range 3) 483 | -10/Materials | Entered Subcaves 484 | -10/Subcaves | Continued accompanying wandering Federalists (2) 484 | -10/Subcaves | Approached by a straggling Scientist 485 | -10/Subcaves | Learned location of 1 exit from Materials 578 | -10/Subcaves | Ambushed by Subdweller buried in earth 578 | -10/Subcaves | Ambushed by Subdweller buried in earth 590 | -10/Subcaves | Discovered new exit (range 10) 620 | -10/Subcaves | Entered Recycling 621 | -8/Recycling | Met a Zionite searching for Scraptown 638 | -8/Recycling | Core integrity fell below 50% 650 | -8/Recycling | Core integrity fell below 20% 651 | -8/Recycling | Destroyed by D-53 Grenadier with Mini Grenade Launcher Last Messages --------------- 00635_ Aluminum Leg destroyed. 00635_ S-10 Pest destroyed. 00635_ I-25 Savior destroyed. 00635_ G-47 Trooper destroyed. 00635_ H-55 Commando destroyed. 00635_ Destroyed Lgt. Ion Engine. 00635_ Destroyed Wheel. 00635_ K-01 Serf destroyed. 00635_ U-05 Engineer builds a Wall. 00637_ S-10 Pest destroyed. 00639_ U-05 Engineer builds a Wall. 00641_ The unstable cave ceiling collapses. 00641_ B-36 Bruiser destroyed. 00643_ U-05 Engineer builds a Wall. 00645_ Titanium Leg destroyed. 00647_ Weapon Shielding destroyed. 00647_ Grenade Launcher destroyed. 00647_ Ion Engine destroyed. 00647_ U-05 Engineer destroyed. 00648_ U-05 Engineer builds a Wall. Map ----- +----------------------------------------------------+ | ?????????????????????????????????? | | ?????????????????????????????????? | | ?????????????????????????????????? | | ?????????????????????????????????? | | ?????????????????????????????????? | | ?????????????????????????????????? | | ?????????????????????????????????? | | ?????????????????????????????????? | | ?????????????????????????????????? | | ?????????????????????????????????? | | ?????????????????????????????????? | | ?????????????????????????????????? | | ????###??????????????????????????? | | ????# ??????????????????????????? | | ????# ###????????????????????????? | | ??### ###??????????????????????? | | ?## ###????????????????????? | | ## #????????????????????? | | # #####?????????????????? | | # d ??????????????????? | | # d ????????????????????? | | # #?????????????????????? | | #?????????????????????? | | #?????????????????????? | | #?????????????????????? | | @ + ??????????????? | | # ! ??????????? | | # | #?? ???????????? | | ## =%% u #????? ???????????? | | ?####### #???????? ????????????? | | ???????# #?????????????????????? | | ???????Y #?????????????????????? | | ???????# #?????????????????????? | | ???????# #?????????????????????? | | ???????# #?????????????????????? | | ???????# ?????????????????????? | | ???????# ?????????????????????? | | ??????? ????????????????????? | | ??????? ?????????????????????? | | ??????? ?????????????????????? | | ??????? ?????????????????????? | | ?????????????????????????????????? | | ?????????????????????????????????? | | ?????????????????????????????????? | | ?????????????????????????????????? | | ?????????????????????????????????? | | ?????????????????????????????????? | | ?????????????????????????????????? | | ?????????????????????????????????? | | ?????????????????????????????????? | +----------------------------------------------------+ Best States ------------- Heat Dissipation 25 Energy Generation 10 Energy Capacity 250 Matter Stores 300 Matter Capacity 300 Sight Range 16 Terrain Scan Density 10 Weapon Shielding 33 Evasion (%) 55 Item Schematics ----------------- None Robot Schematics ------------------ None Fabricated ------------ Nothing Repaired ---------- Nothing Alien Tech Used ----------------- None Achievements -------------- None Challenges ------------ None Game ------ Seed ImprinterCloakBoregun Manual? 0 Play Time 00:09:47 Cumulative 13.2 hours Start 2025.05.27 @ 18:48:22 End 2025.05.27 @ 18:57:19 Sessions 1 Manual Loads 0 Difficulty Rogue Special Mode None Game No. 32 Rogue 32 Adventurer 0 Explorer 0 Win Type - Total 0 Types 0/0/0/0/0/0/0/0/0/0 Lore% 3 Gallery% 11 Achievement% 12 Wizard Run 0 Options --------- Layout 1 ASCII 0 Keyboard 0 Movement Numpad Keybinds 0 Fullscreen 2 Font 24/Smallcaps Map View 50x35 Zoom Use 0% Tactical HUD 1 Map Filters NONE Filters NONE Steam 1 RUN: b249a69d-5290-4e6a-ace5-8d37122acacb